Map: Black Site 2E

Players

herbis

  • Race: Terran Terran
  • Spawn Location: 12:00

Turokchb

  • Race: Protoss Protoss
  • League: Platinum
  • Spawn Location: 11:00

Yuridio

  • Race: Protoss Protoss
  • League: Platinum
  • Spawn Location: 9:00

Throwfordays - Winner!

  • Race: Zerg Zerg
  • League: Silver
  • Spawn Location: 5:00

Cthulhu - Winner!

  • Race: Terran Terran
  • Spawn Location: 3:00

Faust - Winner!

  • Race: Zerg Zerg
  • League: Diamond
  • Spawn Location: 6:00

VOD

Have the link to the VOD?

Description

Time

  • Played on: Feb. 6, 2019, 8:14 p.m.
  • Length: 23:41
Show
View Real Time Build Order
Export as new Build Order

herbis Terran 

Build Orders:  

Get SALT Encoding   

  12  0:01  SCV  
  13  0:13  SCV  
  14  0:32  Supply Depot  
  14  0:41  SCV  
  15  0:52  Supply Depot  
  15  0:53  SCV  
  16  0:57  Barracks  
  16  1:07  SCV  
  17  1:15  Barracks  
  17  1:20  SCV  
  18  1:28  Refinery  
  18  1:30  Refinery  
  18  1:32  SCV  
  19  1:44  SCV  
  20  1:51  Supply Depot  
  20  1:56  SCV  
  21  2:08  Marine x2, SCV  
  24  2:20  SCV  
  24  2:21  Factory  
  25  2:29  Marine x2  
  27  2:35  Orbital Command  
  27  2:42  Supply Depot  
  27  2:48  Barracks Reactor  
  27  2:49  Barracks Reactor  
  27  3:11  Factory Tech Lab  
  25  3:28  Marine x2  
  25  3:30  Marine x2  
  25  3:32  Siege Tank  
  30  3:39  Starport  
  30  3:47  Marine x2, Starport  
  32  3:57  Marine x2  
  32  3:59  SCV  
  35  4:07  Marine x2  
  37  4:15  Marine x2  
  39  4:25  Marine x2  
  35  4:36  Marine x2  
  35  4:42  Medivac x2  
  35  4:43  Marine x2  
  41  4:54  Marine x2  
  43  5:01  Marine x2  
  43  5:04  Siege Tank  
  48  5:12  Marine x2  
  50  5:15  Engineering Bay  
  50  5:18  Marine  
  51  5:36  Marine x2  
  51  5:42  Command Center  
  53  5:52  Marine x2  
  53  5:53  Marine  
  40  6:32  Starport Reactor, Starport Tech Lab  
  40  6:42  Barracks  
  40  6:44  Marine x3  
  40  6:45  Barracks  
  43  6:49  Siege Tank  
  43  6:53  Missile Turret  
  46  7:02  Terran Infantry Weapons Level 1  
  46  7:04  Marine x2, Missile Turret  
  46  7:05  Marine  
  49  7:15  Medivac  
  51  7:19  Medivac  
  53  7:27  Orbital Command  
  47  7:50  Marine x2  
  47  7:51  Barracks Reactor, Barracks Tech Lab  
  49  7:57  Siege Tank  
  52  7:58  SCV  
  53  8:07  Supply Depot  
  53  8:15  Marine  
  53  8:17  SCV  
  55  8:24  Marine x2  
  57  8:33  Refinery  
  57  8:39  SCV  
  58  8:50  Siege Tank  
  58  8:51  Marine, SCV  
  63  9:03  SCV  
  64  9:14  Refinery  
  64  9:15  SCV  
  65  9:26  Command Center  
  65  9:29  Marine x3  
  68  9:40  Marine x2  
  68  9:41  Marine x2  
  72  9:57  Marine x2  
  72  9:58  Marine x3  
  77  10:20  Refinery  
  77  10:23  Siege Tank  
  80  10:35  Marine x4  
  81  10:55  Siege Tank  
  61  10:57  Marine x2  
  40  11:46  Marine x3  
  42  11:47  Marine x2  
  32  12:02  Marine x2  
  32  12:04  Marine x3, SCV x3  
  32  12:05  Marine  
  41  12:16  SCV x3  
  41  12:21  Siege Tank  
  47  12:26  Terran Infantry Armor Level 1  
  47  12:28  SCV x3  
  50  12:31  Marine x2  
  50  12:32  Marine x2  
  54  12:37  Marine x3  
  54  12:40  SCV x2  
  60  12:49  Marine x3  
  60  12:50  Marine  
  64  12:52  SCV x2, Orbital Command  
  64  12:55  Marine  
  64  12:56  Siege Tank  
  69  13:06  Missile Turret  
  69  13:09  Missile Turret  
  69  13:11  Missile Turret  
  69  13:18  Marine x2  
  69  13:19  Marine x3  
  74  13:20  Marine  
  74  13:26  Missile Turret  
  75  13:29  Siege Tank  
  77  13:37  Marine x4  
  77  13:38  Marine x2  
  81  13:52  Missile Turret  
  81  13:54  Marine  
  81  13:55  Marine x3  
  85  14:04  Siege Tank  
  88  14:14  Missile Turret  
  88  14:16  Marine  
  91  14:17  Armory, Marauder  
  91  14:20  Armory  
  91  14:29  Engineering Bay  
  91  14:39  Marine x6, Siege Tank  
  100  14:55  SCV x3  
  97  15:07  SCV x3  
  97  15:11  Siege Tank  
  96  15:19  SCV  
  54  15:30  Marine x6  
  61  15:48  Marine x2  
  39  16:03  Marine x3  
  36  16:05  Marine x2  
  35  16:21  Marine  
  35  16:25  SCV  
  37  16:28  Marine x4  
  41  16:39  Refinery, Marine  
  42  16:40  Medivac x2  
  42  16:46  Marine x4  
  50  16:52  SCV x3  
  53  16:57  Marine  
  54  17:04  Marine x2  
  54  17:05  Marine x2  
  51  17:14  Marine  
  52  17:16  Combat Shield  
  52  17:21  Marine  
  52  17:22  Marine  
  54  17:23  Marine x2  
  54  17:27  SCV x3  
  59  17:32  Marine  
  60  17:39  Marine x2, SCV  
  60  17:41  Marine x2  
  65  17:50  Marine  
  66  17:51  Barracks  
  66  17:52  Raven  
  66  17:53  Barracks  
  66  17:57  Marine x2  
  70  17:58  Marine x2  
  72  18:07  Missile Turret  
  72  18:08  Marine  
  72  18:11  Siege Tank  
  76  18:14  Terran Vehicle Weapons Level 1, Terran Vehicle And Ship Armor Level 1  
  76  18:15  Marine x2  
  76  18:16  Marine  
  76  18:17  SCV  
  80  18:27  Marine  
  80  18:28  Marine  
  80  18:31  Medivac  
  80  18:33  Marine x2  
  86  18:34  Marine  
  87  18:41  Barracks Reactor  
  87  18:42  Barracks Tech Lab  
  87  18:45  Marine  
  88  18:48  Terran Infantry Weapons Level 2  
  88  18:49  Terran Infantry Armor Level 2  
  87  19:05  Marine x5  
  87  19:14  SCV x3  
  74  19:26  Marine x2, SCV x3  
  74  19:27  Marauder  
  81  19:31  Concussive Shells  
  80  19:38  SCV  
  69  19:49  Stimpack  
  52  19:57  Marine x2  
  52  19:58  Marine x6  
  59  20:15  Marine x4  
  59  20:20  Marine x4  
  57  20:32  Marine  
  57  20:33  Marine x2  
  46  20:43  Medivac x3  
  46  20:44  Marine  
  53  20:51  Orbital Command  
  53  21:16  Raven, Medivac x2  
  59  21:24  Siege Tank  
  59  21:25  Marine x3  
  65  21:27  Marine x3, Marauder  
  70  21:33  Marine  
  70  21:37  SCV  
  70  21:38  SCV x2  
  74  21:42  Marine x2  
  74  21:43  Marine  
  74  21:45  Marine x3  
  74  21:46  Medivac  
  82  21:48  Marine  
  82  21:51  Marine  
  84  22:00  Marine x3  
  87  22:02  Marine x2, SCV  
  87  22:03  Marine  
  87  22:06  Marauder  
  93  22:16  Missile Turret  
  93  22:23  Supply Depot x2  
  93  22:25  Supply Depot  
  93  22:26  Supply Depot  
  93  22:41  Marine x2  
  93  22:44  Marine x2  
  93  22:45  Marine x4  
  99  22:59  Marine x2  
  99  23:02  Marine x2  
  99  23:03  Marine x2  
  99  23:04  Marauder  
  99  23:05  Marine  
  100  23:16  Marine x2  
  66  23:20  Marine  
Show
View Real Time Build Order
Export as new Build Order

Turokchb Protoss 

Build Orders:  

Get SALT Encoding   

  12  0:02  Probe  
  13  0:14  Probe  
  14  0:28  Pylon  
  14  0:31  Pylon  
  14  0:50  Probe  
  15  1:00  Gateway  
  15  1:02  Probe  
  15  1:04  Forge  
  16  1:18  Assimilator  
  16  1:20  Probe  
  16  1:22  Assimilator  
  17  1:35  Gateway  
  17  1:37  Probe  
  18  1:45  Probe  
  18  1:53  Probe  
  19  1:57  Pylon  
  20  2:04  Probe  
  21  2:19  Gateway  
  20  2:27  Photon Cannon  
  20  2:36  Photon Cannon, Probe  
  21  3:03  Cybernetics Core  
  21  3:14  Gateway, Probe  
  21  3:15  Warp Gate  
  21  3:16  Pylon  
  22  3:47  Shield Battery  
  22  4:04  Stalker x3  
  22  4:05  Stalker  
  22  4:09  Protoss Ground Weapons Level 1  
  30  4:25  Probe  
  31  4:36  Sentry x3  
  31  4:37  Sentry, Probe  
  40  5:01  Twilight Council  
  40  5:03  Robotics Facility  
  40  5:12  Zealot x2  
  40  5:13  Zealot  
  46  5:21  Pylon  
  46  5:41  Nexus  
  46  5:47  Sentry  
  46  5:48  Sentry  
  46  5:49  Sentry  
  52  5:52  Observer  
  53  6:08  Assimilator  
  53  6:11  Zealot  
  53  6:14  Assimilator  
  55  6:31  Robotics Facility  
  55  6:34  Robotics Facility  
  55  6:43  Pylon  
  55  6:53  Probe  
  56  6:56  Charge  
  56  6:57  Zealot  
  56  6:58  Zealot  
  56  6:59  Zealot  
  56  7:00  Sentry  
  64  7:11  Probe  
  64  7:12  Probe  
  66  7:35  Nexus  
  66  7:53  Robotics Bay  
  66  7:55  Probe  
  67  8:05  Stalker  
  69  8:06  Stalker x2  
  69  8:09  Probe  
  69  8:11  Protoss Ground Weapons Level 2  
  74  8:15  Probe  
  75  8:21  Probe  
  76  8:27  Probe  
  76  8:33  Probe  
  78  8:43  Extended Thermal Lance  
  78  8:47  Probe  
  79  8:53  Pylon  
  79  8:56  Pylon  
  79  9:00  Pylon  
  79  9:07  Pylon  
  79  9:12  Probe x2  
  81  9:20  Assimilator  
  81  9:21  Probe  
  83  9:24  Probe  
  83  9:25  Assimilator  
  83  9:26  Probe  
  84  9:37  Colossus  
  90  9:43  Probe x2  
  90  9:44  Probe  
  93  9:55  Probe  
  93  9:58  Probe  
  95  10:00  Probe  
  95  10:03  Colossus  
  102  10:14  Pylon  
  102  10:15  Probe  
  102  10:21  Colossus  
  103  10:28  Gravitic Boosters  
  109  10:30  Protoss Shields Level 1  
  109  10:31  Observer  
  110  10:39  Blink  
  110  10:52  Forge  
  110  10:54  Colossus  
  110  10:56  Probe  
  67  11:52  Stalker x4  
  75  12:10  Colossus  
  75  12:11  Colossus x2  
  93  12:17  Sentry x2  
  93  12:18  Protoss Ground Weapons Level 3, Sentry x2  
  101  12:24  Gateway  
  101  12:26  Gateway  
  101  12:28  Gateway  
  101  12:29  Gateway  
  101  12:30  Gateway  
  101  12:32  Probe  
  101  12:33  Probe  
  101  12:34  Protoss Ground Armor Level 1  
  103  13:00  Nexus  
  103  13:05  Probe  
  91  13:21  Colossus x2  
  91  13:24  Zealot  
  91  13:25  Zealot  
  91  13:26  Sentry x2  
  111  13:28  Sentry  
  111  13:30  Sentry  
  111  13:34  Stalker  
  117  13:38  Stalker  
  117  13:41  Observer  
  120  13:43  Stalker  
  123  13:48  Probe x2  
  123  13:49  Probe  
  123  13:53  Stalker  
  127  14:01  Sentry x2  
  127  14:02  Sentry  
  133  14:06  Pylon  
  133  14:09  Pylon  
  133  14:24  Protoss Shields Level 2  
  133  14:43  Stalker x2  
  133  14:44  Stalker x5  
  133  14:45  Stalker  
  149  14:52  Pylon  
  149  14:56  Pylon  
  149  14:59  Protoss Ground Armor Level 2  
  149  15:01  Pylon  
  149  15:03  Pylon  
  69  15:33  Sentry x3  
  69  15:34  Sentry x4  
  69  15:35  Sentry  
  85  15:36  Stalker  
  85  15:39  Colossus x2  
  81  16:09  Colossus  
  75  16:11  Stalker x3  
  75  16:12  Stalker x4  
  75  16:14  Sentry  
  75  16:16  Zealot  
  91  16:47  Stalker x4  
  91  16:48  Stalker  
  91  16:49  Stalker x2  
  91  16:50  Stalker  
  91  16:52  Zealot  
  107  17:12  Colossus  
  110  17:57  Probe  
  95  18:08  Colossus x3  
  107  18:17  Zealot x5  
  107  18:18  Zealot x4  
  120  18:37  Zealot  
  120  18:38  Zealot x4  
  120  18:39  Zealot  
  120  18:40  Zealot  
  134  19:01  Colossus  
  134  19:02  Observer  
  133  19:13  Zealot, Stalker  
  133  19:14  Stalker  
  139  19:20  Nexus  
  133  19:41  Stalker  
  133  19:42  Stalker x3  
  133  19:43  Stalker  
  143  20:00  Colossus  
  149  20:53  Stalker  
  149  20:54  Stalker x5  
  161  21:24  Stalker x2  
  161  21:25  Stalker x5  
  175  21:59  Observer  
  176  22:07  Nexus  
  176  22:29  Probe x3  
  161  22:41  Probe x3  
  152  22:53  Probe x3  
  114  23:05  Probe  
  69  23:12  Stalker  
  55  23:13  Stalker x2  
  55  23:14  Stalker  
  55  23:15  Stalker x2  
Show
View Real Time Build Order
Export as new Build Order

Yuridio Protoss 

Build Orders: Oracle Opening, Carriers 

Get SALT Encoding   

  1  0:00  Probe  
  13  0:18  Probe  
  14  0:26  Pylon  
  14  0:30  Probe  
  15  0:42  Assimilator  
  15  0:44  Probe  
  15  0:47  Gateway  
  16  0:57  Assimilator  
  16  1:06  Probe  
  17  1:14  Probe  
  18  1:24  Probe  
  19  1:36  Cybernetics Core  
  19  1:49  Pylon  
  19  1:55  Probe  
  20  2:02  Pylon  
  20  2:07  Probe  
  21  2:21  Stargate x2  
  21  2:43  Pylon  
  21  2:49  Forge  
  21  3:06  Oracle  
  21  3:11  Oracle  
  27  3:26  Pylon  
  27  3:27  Pylon  
  27  3:41  Shield Battery  
  27  3:47  Pylon  
  27  3:48  Pylon  
  27  3:50  Pylon  
  27  3:51  Shield Battery  
  26  4:24  Phoenix x2  
  30  4:59  Nexus  
  30  5:17  Pylon  
  30  5:20  Cybernetics Core  
  30  5:21  Cybernetics Core  
  30  5:47  Assimilator  
  30  5:52  Assimilator  
  30  5:55  Pylon  
  30  6:00  Phoenix  
  32  6:04  Phoenix  
  32  6:05  Probe  
  35  6:38  Phoenix  
  35  6:39  Phoenix, Probe  
  41  6:47  Probe x2  
  42  6:59  Probe  
  37  7:51  Phoenix  
  37  7:52  Phoenix  
  37  7:57  Fleet Beacon  
  41  7:59  Probe  
  42  8:11  Probe  
  43  8:23  Probe  
  44  8:33  Protoss Shields Level 1  
  44  8:35  Probe  
  44  8:36  Protoss Air Weapons Level 1  
  44  8:39  Phoenix x2  
  49  8:47  Probe  
  50  8:49  Stargate  
  50  8:52  Pylon  
  50  8:59  Probe  
  51  9:11  Probe  
  52  9:23  Probe  
  45  9:45  Phoenix x3, Probe  
  48  9:53  Probe  
  48  9:57  Nexus  
  49  10:03  Probe  
  49  10:04  Anion Pulse-Crystals  
  50  10:15  Probe  
  51  10:26  Protoss Air Armor Level 1  
  51  10:27  Probe  
  52  10:32  Probe  
  53  10:44  Probe  
  48  10:56  Probe  
  49  10:59  Phoenix x3  
  55  11:21  Protoss Air Weapons Level 2  
  55  11:23  Stargate  
  55  11:24  Probe  
  55  11:25  Stargate  
  56  11:31  Assimilator  
  56  11:32  Assimilator  
  56  11:36  Probe  
  51  11:48  Probe  
  52  12:00  Probe  
  53  12:06  Pylon  
  53  12:09  Pylon  
  53  12:11  Photon Cannon  
  53  12:13  Probe  
  54  12:18  Phoenix x2  
  54  12:19  Phoenix x2  
  54  12:20  Phoenix  
  64  12:24  Probe  
  65  12:32  Probe  
  66  12:37  Probe  
  66  12:40  Pylon  
  66  12:41  Probe  
  67  12:49  Probe  
  67  12:50  Phoenix x3  
  75  12:51  Probe  
  75  12:54  Phoenix  
  78  13:00  Phoenix  
  78  13:01  Probe  
  78  13:03  Probe  
  82  13:12  Robotics Facility  
  82  13:13  Probe  
  83  13:25  Probe  
  97  14:24  Carrier x2  
  97  14:25  Carrier  
  97  14:32  Pylon  
  97  14:37  Pylon  
  97  14:42  Carrier, Probe  
  98  14:54  Probe  
  98  14:55  Pylon  
  99  15:06  Probe  
  70  16:21  Carrier x3  
  91  16:44  Pylon  
  91  16:49  Pylon  
  91  16:53  Nexus  
  91  16:54  Carrier x2  
  91  16:56  Pylon  
  91  16:57  Probe  
  91  17:00  Pylon  
  92  17:05  Probe  
  92  17:13  Protoss Air Weapons Level 3, Protoss Air Armor Level 2  
  93  17:39  Carrier x2  
  105  17:56  Carrier  
  105  17:58  Carrier  
  117  18:09  Probe  
  117  18:11  Probe  
  119  18:21  Probe  
  120  18:28  Pylon  
  120  18:29  Probe  
  120  18:30  Pylon  
  121  18:38  Probe  
  121  18:48  Probe  
  122  18:52  Carrier  
  129  19:00  Probe  
  130  19:48  Carrier  
  130  19:49  Carrier x2  
  112  20:49  Nexus  
  112  20:53  Assimilator  
  112  20:56  Assimilator  
  112  20:58  Pylon  
  112  21:01  Carrier x2  
  112  21:02  Pylon  
  118  21:06  Pylon  
  76  21:25  Probe  
  76  21:26  Carrier  
  76  21:32  Probe  
  84  21:44  Probe  
  85  21:59  Probe  
  86  22:05  Carrier  
  92  22:10  Probe  
  92  22:11  Probe  
  94  22:23  Probe  
  94  22:28  Probe  
  92  22:35  Probe  
  71  22:47  Probe  
Show
View Real Time Build Order
Export as new Build Order

Throwfordays Zerg - Winner!

Build Orders: Pool First, Roach Hydra 

Get SALT Encoding   

  12  0:02  Drone  
  13  0:09  Drone  
  14  0:14  Extractor  
  14  0:16  Drone  
  14  0:24  Overlord  
  14  0:42  Spawning Pool  
  13  0:45  Drone  
  13  0:49  Drone  
  15  0:53  Drone  
  16  1:10  Drone  
  17  1:24  Drone, Hatchery  
  17  1:34  Queen  
  17  1:38  Drone  
  20  1:45  Drone  
  21  1:58  Extractor, Drone x2  
  22  2:07  Metabolic Boost  
  22  2:10  Overlord  
  22  2:18  Overlord  
  22  2:28  Drone  
  23  2:34  Drone  
  24  2:41  Queen  
  24  2:43  Drone  
  27  2:48  Zergling x6  
  30  2:55  Zergling x2  
  31  3:02  Queen  
  31  3:05  Drone  
  34  3:08  Drone  
  35  3:24  Drone x2  
  37  3:27  Overlord  
  37  3:28  Overlord  
  37  3:31  Drone x2  
  39  3:52  Drone x2  
  41  3:56  Drone x5  
  46  4:06  Drone x2  
  46  4:07  Overlord x2  
  48  4:12  Extractor  
  48  4:13  Extractor, Drone  
  48  4:14  Drone  
  48  4:23  Drone  
  46  4:34  Roach Warren  
  46  4:38  Evolution Chamber  
  44  4:40  Drone x4  
  48  4:46  Drone x2  
  50  4:54  Lair  
  50  5:07  Zerg Melee Weapons Level 1  
  50  5:08  Evolution Chamber  
  50  5:11  Drone  
  50  5:13  Drone  
  51  5:16  Overlord  
  51  5:18  Overlord  
  51  5:19  Overlord  
  51  5:21  Pneumatized Carapace  
  51  5:30  Roach  
  51  5:31  Roach x2  
  51  5:33  Roach x3  
  63  5:36  Zerg Missile Weapons Level 1  
  63  5:46  Drone  
  63  5:47  Drone  
  65  5:51  Drone  
  66  6:03  Hydralisk Den  
  65  6:07  Infestation Pit  
  64  6:12  Spire  
  63  6:36  Drone  
  63  6:37  Drone x3  
  67  6:42  Drone x3  
  70  6:55  Hatchery, Grooved Spines  
  69  7:03  Zerg Ground Armor Level 1  
  69  7:04  Hive  
  69  7:08  Drone  
  69  7:11  Drone x2  
  69  7:12  Drone  
  73  7:19  Extractor  
  73  7:20  Hydralisk x4  
  73  7:22  Extractor  
  79  7:28  Glial Reconstitution  
  79  7:34  Burrow  
  79  7:37  Roach x2  
  79  7:40  Roach x5  
  93  8:00  Drone x3  
  93  8:04  Drone x2  
  98  8:06  Muscular Augments  
  98  8:07  Drone  
  98  8:09  Queen  
  98  8:12  Zerg Missile Weapons Level 2  
  101  8:29  Overlord x5  
  101  8:32  Adrenal Glands  
  101  8:41  Drone x4  
  105  8:47  Tunneling Claws  
  105  8:50  Drone x3  
  105  8:54  Hydralisk x2  
  112  9:00  Ultralisk Cavern  
  111  9:04  Nydus Network  
  111  9:09  Lurker Den  
  109  9:19  Hydralisk x5  
  109  9:22  Hydralisk x3  
  109  9:23  Hydralisk x2  
  129  9:26  Hydralisk x5  
  139  9:40  Zerg Ground Armor Level 2  
  139  10:08  Roach x3  
  139  10:13  Overlord x3  
  145  10:21  Overlord x4  
  145  10:37  Roach x3  
  145  10:38  Roach x2  
  145  10:41  Roach x3  
  161  10:46  Ultralisk x3  
  179  10:51  Anabolic Synthesis  
  179  11:01  Zerg Missile Weapons Level 3  
  175  11:33  Chitinous Plating  
  130  11:55  Zerg Melee Weapons Level 2  
  130  11:59  Zerg Flyer Weapons Level 1  
  130  12:07  Spire  
  129  12:17  Ultralisk x4  
  129  12:20  Ultralisk  
  159  13:00  Zergling x14  
  159  13:03  Zergling x10  
  171  13:09  Zergling x6  
  171  13:10  Zergling x8  
  178  13:14  Zergling x4  
  178  13:19  Zergling x4  
  182  13:38  Zerg Ground Armor Level 3  
  69  16:41  Zergling x4  
  69  16:42  Zergling x4  
  69  16:44  Zergling x8  
  77  16:48  Zergling x2  
  77  16:49  Zergling x6  
  77  16:51  Zerg Melee Weapons Level 3  
  81  17:05  Zergling x4  
  83  17:08  Hatchery  
  83  17:12  Zergling x10  
  87  17:17  Zergling x2  
  87  17:18  Zergling x4  
  87  17:20  Zergling x6  
  93  17:28  Zergling x2  
  94  17:30  Zergling x4  
  94  17:31  Zergling x4  
  73  18:16  Greater Spire  
  73  18:18  Zerg Flyer Weapons Level 2  
  73  18:22  Drone  
  74  18:31  Queen  
  76  18:46  Corruptor  
  76  18:47  Corruptor x5  
  88  18:49  Corruptor x2  
  88  18:50  Corruptor x3  
  88  18:52  Corruptor x2  
  88  18:53  Corruptor x2  
  106  18:56  Extractor  
  106  19:01  Extractor  
  104  19:09  Corruptor x3  
  104  19:10  Corruptor  
  112  19:18  Corruptor x2  
  112  19:19  Corruptor x3  
  121  19:34  Corruptor  
  121  19:35  Corruptor x2  
  121  19:38  Mutalisk  
  123  19:41  Corruptor  
  123  19:44  Corruptor x4  
  135  19:50  Zerg Flyer Armor Level 1  
  127  20:27  Corruptor x3  
  133  20:31  Corruptor x3  
  139  20:36  Corruptor x3  
  139  20:40  Zerg Flyer Weapons Level 3  
  129  21:35  Hatchery  
  128  22:25  Hatchery  
Show
View Real Time Build Order
Export as new Build Order

Cthulhu Terran - Winner!

Build Orders:  

Get SALT Encoding   

  12  0:01  SCV  
  13  0:13  SCV  
  14  0:20  Supply Depot  
  14  0:27  SCV  
  15  0:42  SCV  
  16  0:44  Barracks  
  16  0:53  Refinery  
  16  1:02  SCV, Supply Depot  
  17  1:24  SCV  
  18  1:31  Marine  
  19  1:37  Orbital Command  
  19  1:45  Barracks  
  19  1:51  Marine  
  20  1:57  Refinery  
  20  2:22  SCV  
  21  2:24  Marine  
  22  2:32  Command Center  
  22  2:35  Barracks Tech Lab  
  22  2:36  Supply Depot  
  22  2:41  SCV  
  23  3:02  Factory  
  23  3:12  Engineering Bay  
  23  3:15  Ghost Academy  
  23  3:37  SCV  
  24  3:42  Stimpack  
  24  3:45  Orbital Command  
  24  3:49  Marine, Marauder  
  24  3:50  Terran Infantry Weapons Level 1  
  27  4:00  Personal Cloaking  
  28  4:02  SCV  
  27  4:23  SCV x2  
  27  4:24  Marine, Marauder  
  31  4:32  Factory Reactor  
  31  4:33  Starport  
  31  4:45  Ghost  
  31  4:46  Marine  
  34  4:53  SCV x2  
  36  5:11  Sensor Tower, SCV x2  
  38  5:25  Marine x2, SCV x2  
  38  5:27  Factory Reactor  
  42  5:40  Medivac, Barracks  
  44  5:45  Medivac  
  46  5:55  Supply Depot  
  46  5:57  Marine x2, SCV x2  
  46  5:58  Refinery  
  34  6:34  SCV x2  
  34  6:36  Marine x2  
  38  6:46  SCV  
  39  6:47  Nuke  
  39  6:51  Marine x2  
  41  6:55  Medivac x2, Barracks  
  41  6:56  Factory Reactor  
  45  7:15  SCV x2  
  47  7:16  Marine x3  
  47  7:19  Barracks Reactor  
  47  7:21  Combat Shield  
  42  7:53  Marine, SCV x2  
  47  8:00  Medivac x2  
  47  8:01  Marine  
  47  8:02  Marine x2  
  54  8:10  SCV x2  
  54  8:19  Refinery  
  54  8:22  SCV  
  55  8:31  Marine x5  
  55  8:32  Marine  
  55  8:34  Command Center  
  61  8:43  Terran Infantry Armor Level 1  
  61  8:46  Armory  
  61  8:48  Supply Depot  
  61  8:50  Marine  
  62  9:09  Marine x2, Ghost  
  61  9:35  Missile Turret x2  
  61  9:38  SCV, Missile Turret  
  61  9:39  SCV  
  61  9:40  Marine x6  
  61  9:45  Ghost  
  73  9:46  Widow Mine  
  73  9:48  Supply Depot  
  73  9:49  Supply Depot  
  73  9:50  Supply Depot  
  75  10:07  Widow Mine  
  61  11:33  Marine x4, Orbital Command  
  61  11:34  Marine x3  
  61  11:37  Refinery  
  60  11:51  Marine  
  60  11:52  Medivac x2  
  49  12:02  Terran Infantry Weapons Level 2  
  49  12:04  Terran Vehicle And Ship Armor Level 1  
  49  12:05  Nuke  
  47  12:16  SCV x3  
  47  12:17  Marine x7  
  57  12:35  Factory Reactor  
  57  12:37  Barracks  
  53  13:00  Marine x4, Marauder  
  53  13:03  Medivac  
  53  13:04  Medivac  
  53  13:48  SCV, Missile Turret  
  48  13:49  SCV x2  
  48  13:55  Missile Turret  
  51  14:18  Terran Infantry Armor Level 2  
  44  14:33  Marine  
  44  14:34  Marine x5  
  44  14:36  Marauder  
  49  14:50  Viking x2, Factory Tech Lab  
  49  14:51  Marine  
  49  14:52  Marine  
  55  14:57  Ghost  
  57  15:17  Missile Turret  
  57  15:18  Missile Turret  
  57  16:07  Marine x7  
  64  16:25  Marine  
  64  16:34  Terran Infantry Weapons Level 3  
  64  16:38  Medivac  
  61  16:41  Medivac  
  61  16:42  Thor  
  61  16:44  Factory  
  61  16:45  Marine x3  
  61  16:46  Marine, Ghost  
  61  16:47  Marine x2  
  71  16:49  SCV x3  
  77  17:01  SCV x2  
  77  17:03  Marine x3  
  81  17:19  Nuke  
  81  17:25  Thor, Ghost Academy  
  81  17:29  Ghost Academy  
  85  17:32  Marine  
  85  17:33  Marine x4  
  84  18:11  Command Center  
  84  18:14  Missile Turret  
  84  18:22  Factory Tech Lab  
  84  18:25  SCV x2  
  62  19:28  Orbital Command  
  61  19:44  Marine x2  
  61  19:45  Marine x3  
  66  19:50  Viking x2  
  66  19:51  Terran Infantry Armor Level 3  
  23  21:15  Marine  
  24  21:19  Marauder  
  26  21:37  Nuke x3  
  26  21:49  Command Center  
Show
View Real Time Build Order
Export as new Build Order

Faust Zerg - Winner!

Build Orders: Hatch First, Roach Hydra, Swarm Host 

Get SALT Encoding   

  12  0:01  Drone  
  13  0:09  Drone  
  13  0:13  Extractor  
  13  0:16  Drone  
  15  0:23  Overlord  
  16  0:42  Drone  
  16  0:43  Drone  
  17  0:54  Hatchery  
  16  1:04  Drone  
  17  1:06  Extractor  
  16  1:19  Drone  
  16  1:22  Spawning Pool  
  16  1:23  Drone x2  
  18  1:33  Overlord  
  18  1:45  Drone  
  19  2:08  Queen  
  19  2:09  Queen, Zergling x2  
  19  2:10  Zergling x2  
  19  2:11  Metabolic Boost  
  25  2:15  Zergling x2  
  25  2:19  Zergling x2  
  25  2:22  Zergling x2  
  28  2:31  Baneling Nest  
  28  2:33  Drone  
  28  2:37  Drone  
  28  2:43  Drone x2  
  31  2:54  Drone  
  31  2:55  Drone  
  31  2:57  Drone  
  34  3:10  Zergling x4  
  34  3:12  Overlord  
  36  3:19  Overlord x2  
  35  3:29  Baneling x2  
  35  3:30  Baneling  
  35  3:31  Zergling x2  
  35  3:32  Overlord  
  36  3:37  Lair  
  31  4:34  Queen x2  
  34  4:38  Spore Crawler  
  34  4:42  Spore Crawler  
  34  4:43  Extractor, Drone x3  
  34  4:44  Drone  
  34  4:45  Drone  
  36  4:46  Drone  
  36  4:47  Drone x6  
  42  5:09  Extractor, Drone x3  
  42  5:11  Extractor, Drone x3  
  46  5:25  Drone x2  
  46  5:26  Drone x3  
  51  5:40  Hydralisk Den  
  50  5:44  Roach Warren  
  50  5:45  Drone  
  50  5:46  Drone  
  50  5:47  Drone  
  50  5:48  Drone  
  53  5:59  Hatchery  
  52  6:10  Hydralisk  
  52  6:11  Hydralisk x3  
  54  6:13  Overlord x5  
  60  6:31  Zergling x10  
  65  6:41  Hydralisk  
  65  6:42  Hydralisk x6  
  79  7:03  Drone x3  
  79  7:04  Drone  
  83  7:11  Muscular Augments  
  83  7:12  Glial Reconstitution  
  83  7:14  Roach x6  
  95  7:34  Roach x4  
  103  7:39  Evolution Chamber  
  103  7:42  Evolution Chamber  
  101  7:47  Drone x5  
  101  7:50  Overlord x3  
  106  8:07  Queen  
  105  8:23  Grooved Spines  
  103  8:31  Spore Crawler  
  103  8:32  Spore Crawler  
  101  8:37  Spore Crawler  
  101  8:38  Spore Crawler  
  101  8:41  Zerg Missile Weapons Level 1  
  99  8:42  Zerg Ground Armor Level 1  
  95  9:03  Hydralisk x5  
  95  9:04  Hydralisk x9  
  123  9:12  Extractor, Drone x3  
  123  9:13  Drone  
  123  9:14  Extractor  
  125  9:49  Drone x5  
  125  9:51  Overlord x4  
  125  9:52  Overlord  
  130  10:04  Tunneling Claws  
  130  10:08  Burrow  
  130  10:12  Infestation Pit  
  130  10:13  Centrifical Hooks  
  130  10:14  Spire  
  128  10:20  Drone x4  
  132  10:25  Spore Crawler  
  131  10:32  Drone x2  
  131  10:33  Drone x3  
  131  10:34  Drone  
  67  11:56  Swarm Host x15  
  67  11:59  Zerg Missile Weapons Level 2  
  67  12:00  Zerg Ground Armor Level 2  
  121  12:07  Hive  
  121  12:08  Zerg Flyer Weapons Level 1  
  121  12:16  Evolution Chamber  
  120  12:47  Hatchery  
  119  12:51  Extractor  
  119  12:58  Extractor  
  117  13:23  Nydus Network  
  117  13:25  Ultralisk Cavern  
  106  13:41  Hydralisk x2  
  106  13:42  Hydralisk x27  
  106  13:43  Hydralisk x3  
  170  13:54  Zerg Melee Weapons Level 1  
  170  14:00  Drone x4  
  170  14:01  Drone x2  
  176  14:06  Zerg Flyer Weapons Level 2  
  176  14:13  Chitinous Plating  
  176  14:29  Spore Crawler  
  176  14:31  Drone  
  176  14:33  Overlord x3  
  176  14:34  Overlord x4  
  169  15:31  Anabolic Synthesis  
  169  16:09  Zerg Ground Armor Level 3, Zerg Missile Weapons Level 3  
  141  16:24  Hydralisk x11  
  141  16:25  Hydralisk x8  
  149  16:37  Zerg Melee Weapons Level 2  
  149  16:43  Adrenal Glands  
  149  16:50  Drone  
  149  16:51  Queen  
  131  17:37  Drone  
  131  17:38  Drone x2  
  131  17:43  Lurker Den  
  133  18:38  Zerg Flyer Weapons Level 3  
  130  18:53  Zerg Melee Weapons Level 3  
  90  19:48  Corruptor  
  90  19:49  Corruptor x26  
  90  19:50  Corruptor x7  
  138  20:13  Spire  
  137  21:06  Ultralisk x4  
  137  21:07  Ultralisk x3  
  137  21:08  Zergling x6  
  182  21:22  Zergling x6  
  182  21:23  Zergling x30  
  200  21:56  Greater Spire  
  175  23:00  Zergling x10  
  175  23:01  Zergling x44  
  184  23:20  Zergling x2  
  184  23:21  Zergling x2  
Tags
 
Add a new tag
Caveats
  • Supply blocks, unpowered buildings, or Contaminate may cause inaccurate times.
  • Supply counts are checked every 10 seconds.